 Dungeon Crawl Stone Soup version 0.30.0-5-g1a98f26d00 (webtiles) character file.

Game seed: 15057555352084035293

2908 Esekla the Sneak (level 9, -4/63 HPs)
             Began as an Octopode Necromancer on May 10, 2023.
             Was an Initiate of Gozag.
             Engulfed by a steam dragon's steam (13 damage)
             ... on level 7 of the Dungeon.
             The game lasted 00:40:55 (8642 turns).

Esekla the Sneak (Octopode Necromancer)             Turns: 8642, Time: 00:40:56

Health: -4/63      AC:  3    Str:  7    XL:     9   Next: 78%
Magic:  1/18       EV: 16    Int: 21    God:    Gozag
Gold:   817        SH:  0    Dex: 19    Spells: 8/21 levels left

rFire   . . .        n - +0 dagger (holy)
rCold   + . .        (no shield)
rNeg    + . .        (helmet restricted)
rPois   .            (no amulet)
rElec   .            f - ring of positive energy
rCorr   +            r - ring of flight
SInv    +            w - +6 ring of dexterity
Will    .....        x - ring of see invisible
Stlth   +++++        m - ring of wizardry
HPRegen 0.30/turn    H - ring of protection from cold
MPRegen 0.16/turn    J - ring of resist corrosion
                     (no ring)

%: wizardry (x1)
@: wereblooded, gold aura, freezing walls, flying
A: almost no armour, amphibious, 8 rings, camouflage 1, gelatinous body 1,
(nimble swimmer 1), tentacles, iridescent scales 1, robust 1
a: Renounce Religion, Potion Petition, Call Merchant, Bribe Branch


You were on level 7 of the Dungeon.
You worshipped Gozag.
Gozag was pleased with you.
You visited 2 branches of the dungeon, and saw 9 of its levels.

You collected 891 gold pieces.
You paid 74 gold pieces to Gozag.

Inventory:

Hand Weapons
 n - a +0 dagger of holy wrath (weapon)
 v - a +0 trident
 F - a +0 scimitar
 G - a +0 great sword
Missiles
 c - 5 poisoned darts (quivered)
 D - 3 boomerangs
 E - 6 silver javelins
Jewellery
 f - a ring of positive energy (left tentacle)
 m - a ring of wizardry (on tentacle)
 r - a ring of flight (right tentacle)
 w - a +6 ring of dexterity (on tentacle)
 x - a ring of see invisible (on tentacle)
 H - a ring of protection from cold (on tentacle)
 J - a ring of resist corrosion (on tentacle)
Wands
 y - a wand of iceblast (11)
 B - a wand of flame (14)
Scrolls
 b - 2 scrolls of noise {unknown}
 d - 2 scrolls of fear
 h - 7 scrolls of teleportation
 l - 3 scrolls of enchant armour
 o - a scroll of poison {unknown}
 p - 3 scrolls of amnesia {unknown}
 q - a scroll of brand weapon {unknown}
 s - 4 scrolls of fog
 t - a scroll of summoning {unknown}
 I - a scroll of blinking {unknown}
Potions
 a - 2 potions of magic
 e - a potion of haste
 g - 2 potions of heal wounds
 i - 2 potions of attraction
 j - a potion of might
 k - a potion of mutation
 u - a potion of curing
 z - 2 potions of flight {unknown}
 A - a potion of brilliance
 C - a potion of resistance {unknown}


   Skills:
 * Level 3.9 Fighting
 + Level 2.9 Short Blades
 + Level 0.7 Throwing
 * Level 5.2 Dodging
 + Level 7.2 Stealth
 * Level 6.5 Spellcasting
 * Level 6.3 Necromancy
 + Level 3.2 Transmutations
 + Level 3.6 Ice Magic
 + Level 0.2 Evocations


You had 8 spell levels left.
You knew the following spells:

 Your Spells              Type           Power      Damage    Failure   Level
a - Necrotise             Necr           100%       1d9       1%          1
c - Mephitic Cloud        Conj/Pois/Air  6%         N/A       12%         3
d - Vampiric Draining     Necr           33%        2d8       1%          3
p - Apportation           Tloc           12%        N/A       4%          1
r - Frozen Ramparts       Ice            44%        1d7       2%          3
w - Wereblood             Tmut           20%        N/A       1%          2

Your spell library contained the following spells:

 Spells                   Type           Power      Damage    Failure   Level
 Beastly Appendage        Tmut           40%        N/A       1%          1
 Passwall                 Tmut/Erth      10%        N/A       2%          2
 Magic Dart               Conj           24%        1d4       4%          1
 Sandblast                Erth           12%        2d6       4%          1
 Call Imp                 Summ           12%        N/A       6%          2
 Static Discharge         Conj/Air       12%        2-3/arc   6%          2
 Spider Form              Tmut/Pois      13%        N/A       6%          3
 Agony                    Necr           33%        N/A       8%          5
 Ice Form                 Ice/Tmut       21%        N/A       9%          4
 Stone Arrow              Conj/Erth      12%        3d7       12%         3
 Summon Ice Beast         Ice/Summ       14%        N/A       17%         4
 Airstrike                Air            3%         2d(1-17)  34%         4
 Summon Lightning Spire   Summ/Air       6%         N/A       34%         4
 Alistair's Intoxication  Tmut/Pois      8%         N/A       45%         5
 Animate Dead             Necr           Unusable   N/A       N/A         4

Dungeon Overview and Level Annotations

Branches:
Dungeon (8/15)             Temple (1/1) D:5
   Lair: D:8-11

Altars:
Ashenzari
Cheibriados
Dithmenos
Fedhas
Gozag
Hepliaklqana
Makhleb
Nemelex Xobeh
Okawaru
Qazlal
Ru
Sif Muna
Trog
Vehumet
Wu Jian
Xom
Yredelemnul

Shops:
D:1 (

Annotations:
D:4 Pikel
D:6 ice beast
D:8 1 transporter


Innate Abilities, Weirdness & Mutations

You cannot wear most types of armour.
You are amphibious.
You can wear up to eight rings at the same time.
Your skin changes colour to match your surroundings (Stealth+).
Your rubbery body absorbs attacks. (AC +1, EV +1)
((You are camouflaged when in or above water. (Stealth+)))
You have tentacles for arms and can constrict up to eight enemies at once.
You are partially covered in iridescent scales. (AC +2)
You are robust. (+10% HP)


Message History

Casting: Vampiric Draining (safe; 1% risk of failure)
Confirm with . or Enter, or press ? or * to list all spells.
Casting: Frozen Ramparts (dangerous; 2% risk of failure)
Press: ? - help, Dir - look around, f - activate
There is a cloud of steam here.
The walls around you are covered in ice.
You are engulfed in a cloud of scalding steam.
* * * LOW HITPOINT WARNING * * *
The sky beast is engulfed in a cloud of scalding steam.
The wall freezes the sky beast.
The sky beast hits you but does no damage.
The wall freezes the iguana!
The iguana seems to slow down.
Casting: Frozen Ramparts (dangerous; 2% risk of failure)
Confirm with . or Enter, or press ? or * to list all spells.
Aiming: Vampiric Draining (safe; 1% risk of failure)
Press: ? - help, Shift-Dir - straight line, f - sky beast
Aim: a sky beast (steam, almost dead, slightly transparent)
You draw life force from the sky beast.
You feel a bit better.
You kill the sky beast!
You are engulfed in a cloud of scalding steam.
* * * LOW HITPOINT WARNING * * *
The wall freezes the steam dragon but does no damage.
Casting: Vampiric Draining (safe; 1% risk of failure)
Confirm with . or Enter, or press ? or * to list all spells.
Aiming: Vampiric Draining (safe; 1% risk of failure)
Press: ? - help, Shift-Dir - straight line, f - iguana
Aim: an iguana (steam, heavily wounded, slow)
Okay, then.
Okay, then.
Okay, then.
Unknown command.
Casting: Vampiric Draining (safe; 1% risk of failure)
Confirm with . or Enter, or press ? or * to list all spells.
Aiming: Vampiric Draining (safe; 1% risk of failure)
Press: ? - help, Shift-Dir - straight line, f - iguana
Aim: an iguana (steam, heavily wounded, slow)
You draw life force from the iguana.
You feel life coursing into your body.
You are engulfed in a cloud of scalding steam.
You die...
Your body crumbles into a pile of gold.

.D ....# ..$.
#l#.#D.# ####
# #...#..# ...
#.Y##D§# #.. #
.K..§§ #.. #
#.##§# #..##
#$##D#
.#.##...#
#.$l§#
.........
###$@#
######.#
#>####..# #.#
#.......#####
#.#
######.§....#
#.# ######.#
#.#
#.##########.#
#............#
##############
#.


You could see a steam dragon and an iguana (slow).

Vanquished Creatures
  Joseph (D:7)
  2 water moccasins (D:6)
  A black bear (D:8)
  2 ice beasts
  A sky beast (D:7)
  5 ogres
  2 kobold brigands
  6 bullfrogs
  A scorpion (D:7)
  3 wights (D:7)
  2 orc priests
  A jelly (D:6)
  3 hounds
  3 sleepcaps
  Ijyb (D:3)
  3 iguanas (D:6)
  Natasha (D:2)
  8 orc wizards
  3 gnolls (D:6)
  9 adders
  2 shadow imps (D:7)
  2 white imps
  2 ufetubi
  4 worms
  4 dart slugs
  30 orcs
  4 ball pythons
  4 endoplasms
  A giant cockroach (D:2)
  9 goblins
  2 hobgoblins (D:1)
  6 jackals (D:2)
  2 quokkas
  3 bats
  2 frilled lizards (D:1)
  9 kobolds
  6 rats
150 creatures vanquished.

Notes
Turn   | Place    | Note
-------+----------+-------------------------------------------
     0 | D:1      | Esekla the Octopode Necromancer began the quest for the
                  | Orb.
     0 | D:1      | Reached XP level 1. HP: 11/11 MP: 3/3
   128 | D:1      | Reached XP level 2. HP: 18/18 MP: 5/5
   524 | D:1      | Found Rezoij's Weapon Shop.
   848 | D:1      | Found a faded altar of an unknown god.
   941 | D:2      | Noticed Natasha
   948 | D:2      | Killed Natasha
   949 | D:2      | Reached skill level 1 in Fighting
   949 | D:2      | Reached skill level 3 in Stealth
   949 | D:2      | Reached XP level 3. HP: 13/23 MP: 6/6
   972 | D:2      | Reached XP level 4. HP: 23/28 MP: 7/7
  1289 | D:2      | Learned a level 3 spell: Vampiric Draining
  1292 | D:2      | Learned a level 2 spell: Wereblood
  1345 | D:2      | Gained mutation: You are robust. (+10% HP) [potion of
                  | mutation]
  1345 | D:2      | Gained mutation: You are partially covered in iridescent
                  | scales. (AC +2) [potion of mutation]
  1345 | D:2      | HP: 1/30 [poisoned by an adder]
  1502 | D:2      | Reached skill level 1 in Short Blades
  1558 | D:3      | Reached XP level 5. HP: 27/36 MP: 8/8
  1730 | D:3      | Noticed Ijyb
  1740 | D:3      | Killed Ijyb
  1741 | D:3      | Reached skill level 4 in Stealth
  2304 | D:3      | Reached skill level 1 in Transmutations
  2452 | D:4      | Learned a level 3 spell: Frozen Ramparts
  2478 | D:4      | Noticed an ice beast
  2491 | D:4      | Killed an ice beast
  2492 | D:4      | Reached XP level 6. HP: 40/42 MP: 6/10
  2548 | D:4      | Noticed Pikel
  3542 | D:4      | Reached skill level 1 in Ice Magic
  3542 | D:4      | Reached XP level 7. HP: 36/49 MP: 1/11
  3702 | D:5      | Entered Level 5 of the Dungeon
  3896 | D:5      | Found a staircase to the Ecumenical Temple.
  3905 | Temple   | Entered the Ecumenical Temple
  3927 | Temple   | Became a worshipper of Gozag Ym Sagoz the Greedy
  4142 | D:5      | Reached skill level 5 in Stealth
  4327 | D:5      | Reached skill level 5 in Necromancy
  5156 | D:6      | Reached XP level 8. HP: 53/56 MP: 9/14
  5817 | D:6      | Identified the +10 hand axe "Ibbyedy" {spect, rPois MP-9
                  | SInv}
  6345 | D:6      | Reached skill level 5 in Spellcasting
  6921 | D:6      | Reached skill level 6 in Stealth
  6991 | D:7      | Reached XP level 9. HP: 62/62 MP: 15/17
  7027 | D:7      | Noticed Joseph
  7314 | D:8      | Learned a level 1 spell: Apportation
  7518 | D:8      | Found a transporter.
  7895 | D:7      | Found a burning altar of Makhleb.
  7895 | D:7      | Found a shimmering altar of Xom.
  7895 | D:7      | Found a broken altar of Ashenzari.
  8229 | D:7      | Killed Joseph
  8230 | D:7      | Reached skill level 5 in Dodging
  8230 | D:7      | Reached skill level 7 in Stealth
  8606 | D:7      | Learned a level 3 spell: Mephitic Cloud
  8642 | D:7      | Engulfed by a steam dragon's steam

Illustrated notes

Levels and vault maps discovered:
D:1:      nzn_arrival_water_spiral, layout_basic, serial_shops,
          nicolae_shop_peninsula, shapermc_ecumenical_altar_mp_urbaneastern,
          chequers_jeans
D:2:      layout_rooms, uniq_natasha
D:3:      layout_basic, uniq_ijyb
D:4:      layout_basic, uniq_pikel
D:5:      layout_cave_pods, minmay_temple_entry_trees
D:6:      layout_basic
D:7:      layout_loops_cross, nicolae_overflow_hidden_temple, bloody_makhleb,
          minivault_11, minmay_misc_feat_enclosed, uniq_maggie, uniq_joseph
D:8:      minmay_chambers_of_sixes, layout_loops_cross,
          gammafunk_ghost_stat_death
Temple:   hellmonk_temple_of_storms

Skill      XL: |  1  2  3  4  5  6  7  8  9 |
---------------+----------------------------+-----
Fighting       | 1 2 3 |  3.9
Stealth        | 3 4 5 6 7 |  7.2
Short Blades   | 1 2 |  2.9
Transmutations | 1 2 3 |  3.2
Dodging        | 3 4 5 |  5.2
Spellcasting   | 3 4 5 6 |  6.5
Ice Magic      | 1 2 3 |  3.6
Necromancy     | 5 6 |  6.3
Throwing       | |  0.7
Evocations     | |  0.2

Action                     |  1- 3 |  4- 6 |  7- 9 || total
---------------------------+-------+-------+-------++-------
  Melee: Dagger            |    52 |   167 |   152 ||   371
         Tentacles         |    14 |    37 |    46 ||    97
         Constrict         |    11 |    41 |    37 ||    89
         Unarmed           |     1 |       |       ||     1
         Punch             |     1 |     3 |     1 ||     5
  Throw: Dart              |       |       |    13 ||    13
   Cast: Vampiric Draining |       |     8 |    22 ||    30
         Frozen Ramparts   |       |       |    23 ||    23
         Wereblood         |       |       |     3 ||     3
  Evoke: Wand              |       |       |     5 ||     5
    Use: Potion            |       |     3 |     1 ||     4
         Scroll            |       |     1 |     9 ||    10
   Stab: Sleeping          |     8 |    12 |    18 ||    38
 Armour: Skin              |     3 |    34 |    10 ||    47
  Dodge: Dodged            |    21 |    95 |    83 ||   199
